 Dungeon Crawl Stone Soup version 0.32-a0-485-g70f7560b1c (webtiles) character file.

Game seed: 8275561104273864558

209 ytrimaz the Changeling (level 5, -3/33 HPs)
             Began as an Octopode Shapeshifter on Feb 27, 2024.
             Slain by an orc
             ... wielding a +0 flail
              (10 damage)
             ... on level 4 of the Dungeon.
             The game lasted 00:02:40 (2414 turns).

ytrimaz the Changeling (Octopode Shapeshifter)      Turns: 2414, Time: 00:02:40

Health: -3/33      AC:  1    Str: 14    XL:     5   Next: 87%
Magic:  5/5        EV: 13    Int: 14    God:
Gold:   115        SH:  0    Dex: 11    Spells: 4/4 levels left

rFire   . .          .
                       - Unarmed
rCold   + . .        (no shield)
rNeg    . . .        (helmet currently unavailable)
rPois   .            (no amulet)
rElec   .            f - ring of protection from cold
rCorr   .            (no ring)
SInv    .            (no ring)
Will    .....        (no ring)
Stlth   +++          (no ring)
HPRegen 0.25/turn    (no ring)
MPRegen 0.09/turn    (no ring)
                     (no ring)

%: no passive effects
@: beast-form
A: beast (slay +2), almost no armour, amphibious, 8 rings, camouflage 1,
gelatinous body 1, (nimble swimmer 1), tentacles
a: Begin Untransformation, Convert to Beogh


You were on level 4 of the Dungeon.
You were a hulking beast.
You visited 1 branch of the dungeon, and saw 4 of its levels.

You collected 115 gold pieces.


Innate Abilities, Weirdness & Mutations

You are a hulking beast.
Your limbs bulge with bestial killing power. (Slay +2)
You cannot wear most types of armour.
You are amphibious.
You can wear up to eight rings at the same time.
Your skin changes colour to match your surroundings (Stealth+).
Your rubbery body absorbs attacks. (AC +1, EV +1)
((You are camouflaged when in or above water. (Stealth+)))
You have tentacles for arms and can constrict up to eight enemies at once.


   Skills:
 - Level 1.0 Fighting
 - Level 2.0 Dodging
 + Level 3.3 Stealth
 + Level 3.9 Unarmed Combat
 * Level 4.9 Shapeshifting


You had 4 spell levels left.
You didn't know any spells.
Your spell library contained the following spells:

 Spells                   Type           Power      Damage    Failure   Level
 Apportation              Tloc           0%         N/A       28%         1
 Necrotise                Necr           0%         1d4       28%         1
 Sting                    Conj/Alch      0%         1d3       28%         1
 Summon Small Mammal      Summ           0%         N/A       28%         1
 Gell's Gravitas          Tloc           0%         N/A       65%         3
 Teleport Other           Tloc           0%         N/A       65%         3
 Conjure Ball Lightning   Conj/Air       0%         3x3d6     100%        6
 Dispersal                Tloc           0%         N/A       100%        6
 Discord                  Hex            0%         N/A       100%        8
 Disjunction              Tloc           0%         N/A       100%        8

Inventory:

Missiles
 e - a throwing net (quivered)
Jewellery
 a - a ring of fire
   (You found it on level 1 of the Dungeon)
 d - an amulet of faith
   (You found it on level 1 of the Dungeon)
 f - a ring of protection from cold (left tentacle)
   (You found it on level 4 of the Dungeon)
Talismans
 b - a beast talisman (active)
 c - a flux talisman
Potions
 g - 2 potions of mutation
 h - 2 potions of curing
 i - a potion of ambrosia {unknown}
 j - a potion of lignification

Dungeon Overview and Level Annotations

Branches:
Dungeon (4/15) Zot: 21593
 Temple: D:4-7

Altars:
Beogh

Annotations:
D:3 3 runed translucent doors, lunkers's ghost, amateur CoBr

.. #.# ..## #.# .
...# #.# ..
#..###.# ...
#..##.# ....
#.##.##...B[
###.####...).......
..........o).w....
#.###..ho.o......
#.......####.....
#.......# ....
#.......## ...
####.....# ##
#.....#
#....<########
##...........<
#....########


You could see a ribbon worm, an orc priest and 2 orcs.


Message History

You kill the orc!
Your Stealth skill increases to level 3!
Unknown command.
Key pressed, stopping explore.
Things that are here:
a +0 dagger; a +0 robe; an orc corpse You open the door.
There is an open door here.
There is an open door here.
Items here: )) [ †.
There is an open door here.
There is an open door here.
Key pressed, stopping explore.
The orc shouts!
You hear a shout! x2
The orc shouts! x2; You hear a shout!
Found a roughly hewn altar of Beogh.
Lunkers's ghost turns its malevolent gaze towards you.
The orc shouts!
You hear a shout! x2 😎 HP[+15]
Your hp is fully restored (33).
Found a pair of brightly glowing gloves.
Lunkers's ghost whispers, "There is no future for you."
The orc suddenly cheers.
Press: ? - help, v - describe, . - travel, g - get item Item here: a pair of brightly glowing gloves.
The floor.
Lunkers's ghost flicks its blade from hand to hand, faster than the eye can follow.
There is an open door here.
There is a stone staircase leading down here.
As you read the scroll labelled FINOAKHL YRPHIKK, it crumbles to dust.
It is a scroll of identify.
g - 2 potions of mutation You climb downwards.
There is a stone staircase leading up here.
f - a ring of protection from cold
f - a ring of protection from cold (left tentacle)
Found a stone staircase leading up.
There is a stone staircase leading up here.
An orc comes into view. It is wielding a +0 flail.
An orc is nearby!
An orc is nearby!
An orc is nearby!
An orc wizard comes into view.
It is wielding a +0 dagger. 2 orcs come into view.
The orc wizard shouts!
The orc shouts!
You hear a shout!
An orc priest comes into view. It is wielding a +0 short sword.
An orc comes into view. It is wielding a +0 short sword.
The orc priest moves out of view.
The orc shouts! x2
The orc priest shouts!
You tentacle-slap the orc wizard. You grab the orc wizard.
You squeeze the orc wizard. You constrict the orc wizard.
The orc wizard hits you with a +0 dagger. 😕 HP[-5]
You take 5 damage, and now have 28/33 hp.
You tentacle-slap the orc wizard.
You constrict the orc wizard, but do no damage.
The orc wizard closely misses you.
A ribbon worm comes into view.
You tentacle-slap the orc wizard.
You squeeze the orc wizard, but do no damage.
You constrict the orc wizard.
You kill the orc wizard!
The orc closely misses you. The orc misses you. 😕 HP[+1]
You tentacle-slap the orc.
You kill the orc!
The orc hits you with a +0 flail!
The orc priest shouts, "Surrender to Beogh and we'll let you live!" (press Y on the ability menu to convert to Beogh) 😮 HP[-7]
You take 7 damage, and now have 22/33 hp.
MASSIVE DAMAGE!! (PAUSE)
The orc priest shouts, "Beogh offers mercy even to people such as you.
Join us and be reborn!"
You tentacle-slap the orc.
The orc priest shouts, "Beogh offers mercy even to people such as you.
Join us and be reborn!"
Your grab misses the orc. You squeeze the orc.
You kill the orc!
The orc misses you. The orc barely misses you.
A bombardier beetle comes into view.
The orc priest invokes the aid of Beogh against you.
Beogh smites you!
* * * LOW HITPOINT WARNING * * *
😨 HP[-10]
You take 10 damage, and now have 12/33 hp.
MASSIVE DAMAGE!! (PAUSE) Unknown command.
It was a potion of curing.
You feel better. The orc hits you with a +0 flail.
* * * LOW HITPOINT WARNING * * *
The orc closely misses you.
The orc priest begins to cast a cantrip, but forgets the words!
Unknown command.
The orc attacks as it pursues you!
The orc hits you from afar with a +0 trident.
* * * LOW HITPOINT WARNING * * *
😱 HP[-5]
You take 5 damage, and now have 7/33 hp.
You aren't carrying any scrolls.
The orc attacks as it pursues you! The orc hits you with a +0 flail!
You die...

Skill      XL: |  1  2  3  4  5 |
---------------+----------------+-----
Stealth        | 1 2 3 |  3.3
Shapeshifting  | 4 |  4.9
Fighting       | |  1.0
Dodging        | |  2.0
Unarmed Combat | |  3.9

Action                     |  1- 3 |  4- 6 || total
---------------------------+-------+-------++-------
  Melee: Unarmed           |    66 |    75 ||   141
         Constrict         |    14 |    23 ||    37
         Tentacles         |     6 |    16 ||    22
         Punch             |     1 |     4 ||     5
    Use: Potion            |     2 |     1 ||     3
         Scroll            |       |     6 ||     6
   Stab: Sleeping          |     3 |     9 ||    12
         Distracted        |     1 |       ||     1
 Armour: Skin              |    39 |    25 ||    64
  Dodge: Dodged            |    51 |    65 ||   116

Levels and vault maps discovered:
D:1:      lemuel_arrival_broad_hall, layout_basic
D:2:      layout_rooms, chequers_ecumenical_altar_simple_redux
D:3:      layout_basic, biasface_ghost_orc_armoury, grunt_ministairs_6,
          kennysheep_nondescript, nicolae_grassy_gnolls
D:4:      layout_rooms, uniq_edmund

Notes
Turn   | Place    | Note
-------+----------+-------------------------------------------
     0 | D:1      | ytrimaz the Octopode Shapeshifter began the quest for the
                  | Orb.
     0 | D:1      | Reached XP level 1. HP: 13/13 MP: 1/1
     0 | D:1      | magus.rc [v1.9.6]
    31 | D:1      | HP: 2/13 [frozen (5)]
    43 | D:1      | Reached XP level 2. HP: 9/18 MP: 2/2
   405 | D:1      | Reached XP level 3. HP: 12/23 MP: 3/3
   406 | D:1      | Reached skill level 1 in Stealth
   764 | D:2      | Reached skill level 4 in Shapeshifting
   823 | D:2      | Reached XP level 4. HP: 23/28 MP: 4/4
   849 | D:1      | Reached skill level 2 in Stealth
  1034 | D:2      | You pick up a book of Cantrips and begin reading...
  1034 | D:2      | You add the spells Sting, Necrotise, Summon Small Mammal
                  | and Apportation to your library.
  1058 | D:2      | You add the spells Gell's Gravitas, Teleport Other and
                  | Dispersal to your library.
  1102 | D:2      | Found a faded altar of an unknown god.
  1429 | D:3      | Reached XP level 5. HP: 22/33 MP: 5/5
  2052 | D:3      | You pick up a book of Chaos and begin reading...
  2052 | D:3      | You add the spells Conjure Ball Lightning, Disjunction and
                  | Discord to your library.
  2134 | D:3      | Found a runed translucent gate.
  2135 | D:3      | Found a runed translucent gate.
  2136 | D:3      | Found a runed translucent gate.
  2138 | D:3      | Noticed lunkers's ghost (amateur CoBr)
  2196 | D:3      | Reached skill level 3 in Stealth
  2298 | D:3      | Found a roughly hewn altar of Beogh.
  2413 | D:4      | HP: 7/33 [orc/+0 trident (6)]
  2414 | D:4      | Slain by an orc

Vanquished Creatures
  2 orc wizards
  6 gnolls
  2 adders (D:2)
  2 dart slugs
  3 ribbon worms (D:3)
  5 orcs
  5 bats
  7 endoplasms
  5 goblins
  4 hobgoblins
  3 jackals (D:1)
  6 kobolds
  6 quokkas
  4 ball pythons
  3 frilled lizards
  10 rats
73 creatures vanquished.

Table legend:
 A = Non-vault XP
 B = Vault XP
 C = Vault XP percentage of total XP
 D = Non-vault monster count
 E = Vault monster count
 F = Vault count percentage of total count
                 A         B        C        D         E       F
            +---------+---------+-------+---------+---------+-------
      Total |     254 |      45 |  15.1 |      68 |       5 |   6.8
            +---------+---------+-------+---------+---------+-------
        D:1 |      70 |       0 |   0.0 |      24 |       0 |   0.0
        D:2 |      72 |       0 |   0.0 |      24 |       0 |   0.0
        D:3 |      71 |      45 |  38.8 |      17 |       5 |  22.7
        D:4 |      41 |       0 |   0.0 |       3 |       0 |   0.0
            +---------+---------+-------+---------+---------+-------

Skill      XL: |  1  2  3  4  5 |
---------------+----------------+-----
Stealth        | 1 2 3 |  3.3
Shapeshifting  | 4 |  4.9
Fighting       | |  1.0
Dodging        | |  2.0
Unarmed Combat | |  3.9

Action                     |  1- 3 |  4- 6 || total
---------------------------+-------+-------++-------
  Melee: Unarmed           |    66 |    75 ||   141
         Constrict         |    14 |    23 ||    37
         Tentacles         |     6 |    16 ||    22
         Punch             |     1 |     4 ||     5
    Use: Potion            |     2 |     1 ||     3
         Scroll            |       |     6 ||     6
   Stab: Sleeping          |     3 |     9 ||    12
         Distracted        |     1 |       ||     1
 Armour: Skin              |    39 |    25 ||    64
  Dodge: Dodged            |    51 |    65 ||   116

Illustrated notes

Table legend:
 A = Kills in this place as a percentage of kills in the entire game.
 B = Kills by you in this place as a percentage of kills by you in the entire game.
 C = Kills by friends in this place as a percentage of kills by friends in the entire game.
 D = Other kills in this place as a percentage of other kills in the entire game.
 E = Experience gained in this place as a percentage of experience gained in the entire game.
 F = Experience gained in this place divided by the number of levels of this place that you have seen.
                   A       B       C       D       E      F
               +-------+-------+-------+-------+-------+----------------------
         Total | 100.0 | 100.0 |   N/A |   N/A | 100.0 |  74.8
       Dungeon | 100.0 | 100.0 |   N/A |   N/A | 100.0 |  74.8
               +-------+-------+-------+-------+-------+----------------------

Table legend: (Time is in decaauts)
 A = Elapsed time spent in this place.
 B = Non-inter-level travel time spent in this place.
 C = Inter-level travel time spent in this place.
 D = Time resting spent in this place.
 E = Time spent auto-exploring this place.
 F = Levels seen in this place.
 G = Mean time per level.
                   A        B        C        D        E       F      G
               +--------+--------+--------+--------+--------+-----+--------+
         Total |   2405 |   2298 |    107 |     58 |   1768 |   4 |  601.2 |
       Dungeon |   2405 |   2298 |    107 |     58 |   1768 |   4 |  601.2 |
               +--------+--------+--------+--------+--------+-----+--------+

Top non-repeatable levels by time:
     D:3: 1019 daAuts
     D:1: 829 daAuts
     D:2: 534 daAuts
     D:4: 22 daAuts
